 Dungeon Crawl Stone Soup version 0.23.2-1-ga50397a (webtiles) character file.

Game seed: 14245349609296461692

1339 doot the Bolt Thrower (level 8, -3/67 HPs)
             Began as a Green Draconian Hunter on May 5, 2019.
             Was a Believer of Cheibriados.
             Splashed by a jelly's acid (4 damage)
             ... on level 5 of the Dungeon.
             The game lasted 00:14:52 (4868 turns).

doot the Bolt Thrower (Green Draconian Hunter)      Turns: 4868, Time: 00:14:53

Health: -3/67      AC: -7    Str: 20      XL:     8   Next: 35%
Magic:  8/8        EV: 20    Int: 17      God:    Cheibriados [**....]
Gold:   294        SH:  0    Dex: 19 (23) Spells: 3/7 levels left

rFire    + . .     SeeInvis .   b - +0 hand axe
rCold    . . .     Gourm    .   (no shield)
rNeg     . . .     Faith    .   (armour unavailable)
rPois    +         Spirit   .   (helmet restricted)
rElec    .         Reflect  .   (no cloak)
rCorr    .         Harm     .   (no gloves)
MR       +....                  (no boots)
Stlth    ++++......             o - amulet of regeneration
HPRegen  0.61/turn              n - +3 ring of protection
MPRegen  0.11/turn              u - ring of protection from magic

@: agile, short of breath, corroded, very slow
A: breathe noxious fumes, unfitting armour, antennae 1, stinger 1, blurry vision
1, fire resistance 1, poison resistance, cold-blooded, AC +6
a: Breathe Noxious Fumes, Bend Time, Renounce Religion


You were on level 5 of the Dungeon.
You worshipped Cheibriados.
Cheibriados was pleased with you.
You were very hungry.

You visited 1 branch of the dungeon, and saw 5 of its levels.

You collected 294 gold pieces.

Inventory:

Hand Weapons
 a - a +1 hand crossbow
 b - a +0 hand axe (weapon)
 g - a +0 short sword
Missiles
 c - 2 bolts
Jewellery
 e - an uncursed ring of wizardry
 n - a +3 ring of protection (left hand)
 o - an amulet of regeneration (around neck)
 s - an uncursed ring of ice
 u - a ring of protection from magic (right hand)
Scrolls
 f - a scroll of magic mapping {unknown}
 h - 3 scrolls of identify {unknown}
 i - 2 scrolls of enchant weapon {unknown}
 k - a scroll of remove curse {unknown}
 l - 4 scrolls of teleportation {unknown}
 m - 3 scrolls of enchant armour {unknown}
Potions
 j - a potion of haste
 r - a potion of cancellation {unknown}
Comestibles
 d - 3 rations


   Skills:
 + Level 4.5 Fighting
 + Level 3.9 Axes
 + Level 7.0 Crossbows
 + Level 4.0 Dodging
 + Level 2.9 Stealth
 * Level 1.1 Conjurations
 * Level 1.0 Fire Magic


You had 3 spell levels left.
You knew the following spells:

 Your Spells              Type           Power        Failure   Level  Hunger
a - Sticky Flame          Conj/Fire      #.......     83%         4    #####..

Your spell library contained the following spells:

 Spells                   Type           Power        Failure   Level  Hunger
 Flame Tongue             Conj/Fire      #....        16%         1    ##.....
 Throw Flame              Conj/Fire      #.....       22%         2    ###....
 Conjure Flame            Conj/Fire      #.......     41%         3    ####...
 Inner Flame              Hex/Fire       #.......     50%         3    ####...
 Fireball                 Conj/Fire      #.........   99%         5    ######.


Dungeon Overview and Level Annotations

Branches:
Dungeon (5/15)
 Temple: D:4-7

Altars:
Cheibriados
Okawaru

Annotations:
D:4 1 runed translucent door, Crazy Yiuf


Innate Abilities, Weirdness & Mutations

You can breathe blasts of noxious fumes.
Your lurid green scales are hard. (AC +6)
You cannot fit into any form of body armour.
Your system is resistant to poisons. (rPois)
You are cold-blooded and may be slowed by cold attacks.
You have a pair of small antennae on your head.
Your tail ends in a poisonous barb.
Scrolls take you a little longer to read.
Your flesh is heat resistant. (rF+)


Message History

* * * LOW HITPOINT WARNING * * *
The jelly is heavily wounded.
The jelly hits you.
* * * LOW HITPOINT WARNING * * *
You are splashed with acid.
* * * LOW HITPOINT WARNING * * *
Unknown command.
Okay, then.
Unknown command.
It was a potion of mutation.
You feel extremely strange.
Your vision blurs.
A pair of antennae grows on your head!
You feel resistant to heat.
A poisonous barb forms on the end of your tail.
The jelly misses you.
You hit the jelly.
Your hands burn!
* * * LOW HITPOINT WARNING * * *
The jelly is heavily wounded.
The jelly completely misses you.
You hit the jelly but do no damage. The acid corrodes you!
Your hands burn!
You die...

#....# ........+
####.# # #.# #†#
#.##############
#.#............#
#.#............#
#.#............#
#.@J...........#
###............#
#######.######
#.# #.# #.#


You could see a jelly.

Vanquished Creatures
  Sigmund (D:4)
  A hungry ghost (D:5)
  Duvessa (D:5)
  An ogre (D:4)
  A sky beast (D:5)
  Blork the orc (D:5)
  Dowan (D:5)
  A scorpion (D:5)
  A centaur zombie (D:5)
  2 hounds
  A quasit (D:5)
  2 orc priests
  3 orc wizards
  4 worker ants
  A hound skeleton (D:4)
  6 gnolls
  7 adders
  3 oozes
  An adder skeleton (D:4)
  2 worms
  A dart slug (D:2)
  2 leopard geckos
  9 orcs
  6 giant cockroaches
  3 goblins
  3 hobgoblins (D:1)
  4 jackals
  2 quokkas
  A ball python (D:5)
  5 bats
  5 frilled lizards
  A jackal skeleton (D:4)
  16 kobolds
  A quokka skeleton (D:5)
  5 rats
105 creatures vanquished.

Notes
Turn   | Place    | Note
-------+----------+-------------------------------------------
     0 | D:1      | doot the Draconian Hunter began the quest for the Orb.
     0 | D:1      | Reached XP level 1. HP: 17/17 MP: 1/1
    60 | D:1      | Reached skill level 4 in Crossbows
    63 | D:1      | Reached XP level 2. HP: 24/24 MP: 2/2
   179 | D:1      | You fall through a shaft!
   179 | D:2      | Found a snail-covered altar of Cheibriados.
   532 | D:1      | Reached XP level 3. HP: 29/29 MP: 3/3
  1120 | D:2      | Reached skill level 1 in Stealth
  1254 | D:2      | Reached XP level 4. HP: 37/37 MP: 4/4
  1385 | D:2      | Reached skill level 5 in Crossbows
  1630 | D:2      | Became a worshipper of Cheibriados the Contemplative
  1759 | D:3      | Reached XP level 5. HP: 37/44 MP: 5/5
  1861 | D:3      | Found an iron altar of Okawaru.
  2409 | D:3      | Reached * piety under Cheibriados
  2409 | D:3      | Reached skill level 1 in Axes
  2409 | D:3      | Reached XP level 6. HP: 12/51 MP: 6/6
  2983 | D:4      | Reached skill level 6 in Crossbows
  3130 | D:4      | Noticed Sigmund
  3187 | D:4      | Killed Sigmund
  3187 | D:4      | Your scales start taking on a lurid green colour.
  3187 | D:4      | Reached XP level 7. HP: 47/58 MP: 7/7
  3187 | D:4      | Gained mutation: Your system is resistant to poisons.
                  | (rPois) [Green Draconian growth]
  3376 | D:4      | Found a runed translucent door.
  3377 | D:4      | Noticed Crazy Yiuf
  3513 | D:4      | You fall through a shaft!
  3513 | D:5      | Entered Level 5 of the Dungeon
  3896 | D:5      | Noticed Duvessa
  3921 | D:5      | Killed Duvessa
  3922 | D:5      | Noticed Dowan
  3954 | D:5      | Killed Dowan
  3990 | D:5      | Noticed Blork the orc
  4193 | D:5      | Killed Blork the orc
  4221 | D:5      | Reached ** piety under Cheibriados
  4221 | D:5      | Noticed a hungry ghost
  4270 | D:5      | Killed a hungry ghost
  4270 | D:5      | Reached skill level 7 in Crossbows
  4270 | D:5      | Reached XP level 8. HP: 66/66 MP: 8/8
  4402 | D:5      | Learned a level 4 spell: Sticky Flame
  4822 | D:5      | Reached skill level 1 in Conjurations
  4822 | D:5      | Reached skill level 1 in Fire Magic
  4865 | D:5      | HP: 3/67 [acid (6)]
  4866 | D:5      | Gained mutation: Scrolls take you a little longer to read.
                  | [potion of mutation]
  4866 | D:5      | Gained mutation: You have a pair of small antennae on your
                  | head. [potion of mutation]
  4866 | D:5      | Gained mutation: Your flesh is heat resistant. (rF+)
                  | [potion of mutation]
  4866 | D:5      | Gained mutation: Your tail ends in a poisonous barb.
                  | [potion of mutation]
  4867 | D:5      | HP: 1/67 [acid (3)]
  4868 | D:5      | Splashed by a jelly's acid

Skill      XL: |  1  2  3  4  5  6  7  8 |
---------------+-------------------------+-----
Crossbows      | 4 5 6 7 |  7.0
Dodging        | 2 3 4 |  4.0
Stealth        | 1 2 |  2.9
Fighting       | 3 4 |  4.5
Axes           | 1 2 3 |  3.9
Conjurations   | 1 |  1.1
Fire Magic     | 1 |  1.0

Action                   |  1- 3 |  4- 6 |  7- 9 || total
-------------------------+-------+-------+-------++-------
Melee: Hand axe          |    20 |    91 |   154 ||   265
       Tailslap          |     2 |    11 |    30 ||    43
 Fire: Hand crossbow     |    60 |    95 |    19 ||   174
 Abil: Breathe Noxious F |       |       |    12 ||    12
  Use: Potion            |     1 |     1 |     6 ||     8
 Stab: Confused          |       |       |     3 ||     3
       Sleeping          |       |       |     1 ||     1
  Eat: Chunk             |       |     6 |     2 ||     8
       Ration            |       |       |     4 ||     4
Armor: Skin              |    20 |    38 |   108 ||   166
Dodge: Dodged            |    47 |    63 |   199 ||   309
